 Dungeon Crawl Stone Soup version 0.31-a0-614-gc85dc1c48c (webtiles) character file.

Game seed: 15351487005325015314

7253 AdnanSaban the Basher (level 11, -15/68 HPs)
             Began as a Gargoyle Fighter on Aug 22, 2023.
             Was a Priest of Okawaru.
             Demolished by a shadow (22 damage)
             ... on level 10 of the Dungeon.
             The game lasted 00:11:21 (10483 turns).

AdnanSaban the Basher (Gargoyle Fighter)           Turns: 10483, Time: 00:11:22

Health: -15/68     AC: 31    Str: 25    XL:     11   Next: 12%
Magic:  11/11      EV: 16    Int:  4    God:    Okawaru [***...]
Gold:   644        SH:  6    Dex: 12    Spells: 10/10 levels left

rFire   . . .        A - +2 whip (venom)
rCold   . . .        c - +0 buckler
rNeg    + + .        D - +9 scale mail of the Constellations {rN+ Int-4 Dex+3}
rPois   ∞            k - +2 helmet
rElec   +            i - +0 cloak
rCorr   .            p - +0 pair of gloves
SInv    .            (no boots)
Will    .....        (no amulet) Stlth
                     r - +5 ring of evasion
HPRegen 0.31/turn    (no ring)
MPRegen 0.12/turn

%: no passive effects
@: no status effects
A: sickness immunity, AC +8, negative energy resistance 1, electricity
resistance, torment resistance 1, petrification resistance
a: Renounce Religion, Heroism


You were on level 10 of the Dungeon.
You worshipped Okawaru.
Okawaru was most pleased with you.
You visited 2 branches of the dungeon, and saw 11 of its levels.

You collected 644 gold pieces.

Inventory:

Hand Weapons
 A - a +2 whip of venom (weapon)
 J - a +2 morningstar
Missiles
 b - 8 javelins
 C - a boomerang
 E - 3 throwing nets
 F - 20 poisoned darts (quivered)
 I - a curare-tipped dart
Armour
 c - a +0 buckler (worn)
 i - a +0 cloak (worn)
 k - a +2 helmet (worn)
 p - a +0 pair of gloves (worn)
 D - the +9 scale mail of the Constellations (worn) {rN+ Int-4 Dex+3}
   (You found it on level 7 of the Dungeon)

   Int-4:     It affects your intelligence (-4).
   Dex+3:     It affects your dexterity (+3).
   rN+:       It protects you from negative energy.
Jewellery
 g - a ring of fire
 r - a +5 ring of evasion (left hand)
Wands
 j - a wand of flame (35)
Scrolls
 e - 5 scrolls of identify {unknown}
 h - 4 scrolls of teleportation {unknown}
 m - a scroll of brand weapon {unknown}
 n - 5 scrolls of poison {unknown}
 o - 2 scrolls of noise {unknown}
 q - 5 scrolls of immolation {unknown}
 s - 2 scrolls of blinking {unknown}
 v - 2 scrolls of fear {unknown}
 w - 2 scrolls of silence {unknown}
 x - 2 scrolls of revelation {unknown}
 y - 2 scrolls of vulnerability {unknown}
 B - 2 scrolls of enchant armour {unknown}
Potions
 a - a potion of brilliance {unknown}
 d - 4 potions of might
 f - 4 potions of curing {unknown}
 l - 2 potions of invisibility {unknown}
 t - 2 potions of ambrosia {unknown}
 u - 2 potions of haste {unknown}
 z - 2 potions of attraction {unknown}
 G - a potion of berserk rage {unknown}
 H - 2 potions of lignification {unknown}


   Skills:
 + Level 8.0 Fighting
 + Level 11.2 Maces & Flails
 + Level 0.8 Throwing
 + Level 7.5 Armour
 + Level 4.5 Dodging
 + Level 1.6 Stealth
 + Level 8.0 Shields


You had 10 spell levels left.
You didn't know any spells.
Your spell library contained the following spells:

 Spells                   Type           Power      Damage    Failure   Level
 Apportation              Tloc           0%         N/A       80%         1
 Foxfire                  Conj/Fire      0%         2x1d4     80%         1
 Necrotise                Necr           0%         1d4       80%         1
 Sandblast                Erth           0%         2d4       80%         1
 Passwall                 Tmut/Erth      0%         N/A       91%         2
 Frozen Ramparts          Ice            0%         1d1       99%         3
 Inner Flame              Hex/Fire       0%         N/A       99%         3
 Stone Arrow              Conj/Erth      0%         3d7       99%         3
 Dispel Undead            Necr           0%         3d6       100%        4
 Petrify                  Tmut/Erth      0%         N/A       100%        4
 Metabolic Englaciation   Hex/Ice        0%         N/A       100%        5
 Yara's Violent Unravell  Hex/Tmut       0%         3d3       100%        5
 Plasma Beam              Fire/Air       0%         2x1d10    100%        6
 Starburst                Conj/Fire      0%         6d3       100%        6
 Enfeeble                 Hex            0%         N/A       100%        7
 Lehudib's Crystal Spear  Conj/Erth      0%         10d2      100%        8
 Summon Small Mammal      Summ           Unusable   N/A       N/A         1
 Cigotuvi's Dreadful Rot  Necr/Pois/Air  Unusable   N/A       N/A         2
 Animate Armour           Summ/Erth      Unusable   N/A       N/A         4
 Summon Ice Beast         Ice/Summ       Unusable   N/A       N/A         4
 Summon Mana Viper        Hex/Summ       Unusable   N/A       N/A         5
 Death Channel            Necr           Unusable   N/A       N/A         6
 Monstrous Menagerie      Summ           Unusable   N/A       N/A         7

Dungeon Overview and Level Annotations

Branches:
Dungeon (10/15)            Temple (1/1) D:7             Orc (0/2) D:10
   Lair: D:8-11

Altars:
Ashenzari
Cheibriados
Dithmenos
Elyvilon
Fedhas
Gozag
Hepliaklqana
Kikubaaqudgha
Makhleb
Nemelex Xobeh
Okawaru
Qazlal
Ru
Sif Muna
Trog
Uskayaw
Vehumet
Wu Jian
Xom
Yredelemnul
Zin
The Shining One

Shops:
D:1 ((?!   D:3 [   D:8 *!

Annotations:
D:7 1 runed translucent door, Crazy Yiuf


Innate Abilities, Weirdness & Mutations

You are immune to sickness and miasma.
Your stone body is resilient. (AC +8)
You are immune to poison.
You resist negative energy. (rN+)
You are resistant to electric shocks. (rElec)
You are resistant to unholy torment.
You are immune to petrification.


Message History

You closely miss the wraith.
The wraith is moderately damaged.
The wraith hits you but does no damage. The shadow hits you.
You hit the wraith.
The wraith is heavily damaged.
The wraith hits you but does no damage.
An orc skeleton comes into view.
The shadow slips into darkness.
The shadow flickers and vanishes!
Deactivating autopickup; reactivate with Ctrl-A.
You block the wraith's attack.
The orc priest invokes the aid of Beogh against you.
The shadow strikes at you from the darkness!
Reactivating autopickup.
The wraith completely misses you. The shadow misses you.
You feel yourself speed up. The shadow attacks as it pursues you!
The shadow misses you. The shadow attacks as it pursues you!
The shadow closely misses you. The shadow attacks as it pursues you!
The shadow closely misses you.
The shadow slips into darkness.
The shadow flickers and vanishes!
Deactivating autopickup; reactivate with Ctrl-A.
The orc priest miscasts a cantrip.
The shadow strikes at you from the darkness!
Reactivating autopickup.
The orc priest invokes the aid of Beogh against you.
Beogh smites you!
* * * LOW HITPOINT WARNING * * *
The shadow slips into darkness.
The shadow flickers and vanishes!
Deactivating autopickup; reactivate with Ctrl-A.
The shadow strikes at you from the darkness!
* * * LOW HITPOINT WARNING * * *
Reactivating autopickup.
The shadow slips into darkness.
The shadow flickers and vanishes!
Deactivating autopickup; reactivate with Ctrl-A.
The shadow strikes at you from the darkness!
You die...

.....#
#.###.#..##....##
.....##
#.##.###.......#
####..###..#.#
#........# ##.##....##
#..........
##......####...........
##...###.##..#.......##
# ##.##.#
##.....#####.##
####..##.# #.##.##
.##..###.# #..#@#
....## #.# #..#.# .#..#
#######.#.# ##.##
#.......## #.#
#.#####.# #.# #.#
####### ## .##
#.#####...#.#..# .
#.Z..ZWo#.#...# ..
######.##..# #


There were no monsters in sight!

Vanquished Creatures
  A two-headed ogre (D:8)
  A troll (D:8)
  Sigmund (D:2)
  8 yaks
  3 steam dragons
  Menkaure (D:4)
  A water moccasin (D:8)
  An orc warrior (D:6)
  3 ice beasts
  2 black bears
  3 ogres
  2 centaurs
  A phantom (D:10)
  3 kobold brigands
  A gnoll sergeant (D:10)
  5 bullfrogs
  5 scorpions
  12 wights
  6 killer bees
  3 howler monkeys (D:8)
  A gnoll bouda (D:7)
  7 jellies
  9 orc priests
  8 hounds
  A sleepcap (D:6)
  3 iguanas
  9 orc wizards
  An ogre zombie (D:10)
  Robin (D:2)
  10 adders
  19 gnolls
  2 shadow imps
  3 white imps
  3 worms
  4 dart slugs
  30 orcs
  14 bats
  5 endoplasms
  3 giant cockroaches
  11 goblins
  13 hobgoblins
  22 jackals
  6 quokkas
  10 ball pythons
  4 frilled lizards
  21 kobolds
  3 orc zombies (D:10)
  10 rats
296 creatures vanquished.

Vanquished Creatures (others)
  An orc wizard (D:5)
1 creature vanquished.

Grand Total: 297 creatures vanquished

Notes
Turn   | Place    | Note
-------+----------+-------------------------------------------
     0 | D:1      | AdnanSaban the Gargoyle Fighter began the quest for the
                  | Orb.
     0 | D:1      | Reached XP level 1. HP: 14/14 MP: 1/1
    52 | D:1      | Found Huriona's Weapon Boutique.
   163 | D:1      | Reached XP level 2. HP: 19/19 MP: 2/2
   244 | D:1      | Found Kuevism's Distillery.
   281 | D:1      | Found Athreizum's Magic Scroll Shoppe.
   391 | D:1      | Reached XP level 3. HP: 15/23 MP: 3/3
   511 | D:1      | Found Wackiura's Antique Weapon Boutique.
   711 | D:2      | Noticed Robin
   744 | D:2      | Killed Robin
   756 | D:2      | Reached XP level 4. HP: 11/29 MP: 4/4
   935 | D:2      | Noticed Sigmund
   942 | D:2      | Killed Sigmund
   943 | D:2      | Reached skill level 4 in Maces & Flails
   943 | D:2      | Reached skill level 1 in Dodging
   943 | D:2      | Reached XP level 5. HP: 26/33 MP: 5/5
  1068 | D:2      | Identified the +5 dagger "Beofufo" {heavy, Int+2 Dex+3}
  1106 | D:2      | Reached XP level 6. HP: 38/38 MP: 6/6
  1210 | D:2      | You fall into a shaft and drop 2 floors!
  1522 | D:4      | Noticed Menkaure
  1569 | D:4      | Killed Menkaure
  1570 | D:4      | Reached skill level 5 in Maces & Flails
  1570 | D:4      | Reached XP level 7. HP: 24/44 MP: 7/7
  2558 | D:3      | Found Koex's Armour Shoppe.
  3815 | D:5      | Entered Level 5 of the Dungeon
  3871 | D:5      | Reached skill level 6 in Maces & Flails
  4277 | D:5      | Reached XP level 8. HP: 46/48 MP: 8/8
  4616 | D:5      | Reached skill level 5 in Armour
  4688 | D:5      | Reached skill level 5 in Fighting
  4946 | D:5      | Reached skill level 7 in Maces & Flails
  5100 | D:5      | Reached skill level 5 in Shields
  5739 | D:6      | Reached skill level 8 in Maces & Flails
  5867 | D:6      | Reached XP level 9. HP: 40/54 MP: 9/9
  6061 | D:6      | Found a glowing silver altar of Zin.
  6597 | D:7      | Found a radiant altar of Vehumet.
  6615 | D:7      | Identified the +9 scale mail of the Constellations {rN+
                  | Int-4 Dex+3}
  6712 | D:7      | Found a hazy altar of Hepliaklqana.
  6841 | D:7      | Found a runed translucent door.
  6842 | D:7      | Noticed Crazy Yiuf
  6982 | D:7      | Reached skill level 9 in Maces & Flails
  6982 | D:7      | Reached skill level 1 in Stealth
  7388 | D:7      | Found a staircase to the Ecumenical Temple.
  7394 | Temple   | Entered the Ecumenical Temple
  7402 | Temple   | Became a worshipper of Warmaster Okawaru
  7621 | D:7      | Noticed a moth of wrath
  7624 | D:7      | Found a bloodstained altar of Trog.
  7646 | D:7      | Identified the +7 war axe of the Pit {pain, rC- Will+
                  | Int+4}
  8023 | D:8      | Reached XP level 10. HP: 63/63 MP: 10/10
  8237 | D:8      | Reached * piety under Okawaru
  8264 | D:8      | Reached skill level 10 in Maces & Flails
  8342 | D:8      | Found a sparkling altar of Nemelex Xobeh.
  8389 | D:8      | Found Coebek's Distillery.
  8396 | D:8      | Noticed a two-headed ogre
  8419 | D:8      | HP: 3/63 [two-headed ogre/+0 giant club (7)]
  8420 | D:8      | Killed a two-headed ogre
  8683 | D:8      | Found Ea-nāṣir's Fine Metal Goods.
  9065 | D:9      | Reached ** piety under Okawaru
  9521 | D:9      | Reached XP level 11. HP: 38/68 MP: 11/11
  9523 | D:9      | Reached skill level 11 in Maces & Flails
  9706 | D:9      | Reached *** piety under Okawaru
 10040 | D:9      | Found a white marble altar of Elyvilon.
 10167 | D:10     | Entered Level 10 of the Dungeon
 10440 | D:10     | Found a staircase to the Orcish Mines.
 10483 | D:10     | Demolished by a shadow

Illustrated notes

Levels and vault maps discovered:
D:1:      psy_arrival_fountain, layout_rooms, serial_shops,
          nicolae_shop_waterfront, nicolae_shop_waterfront,
          nicolae_shop_behind_doors, nicolae_shop_tiny_waterfront
D:2:      minmay_angry_zag, layout_loops_ring, minmay_pentomino_w2,
          uniq_sigmund, uniq_robin
D:3:      layout_loops_corners, serial_shops, nicolae_shop_tiny_waterfront,
          nicolae_concentric_dashed_squares_wild, dk_noncrumbling_2
D:4:      layout_basic, uniq_menkaure
D:5:      minmay_razor_zed, layout_basic
D:6:      layout_layer_cave, zin_academy
D:7:      layout_cave_pods, tgw_trog, mainiacjoe_overflow_paths,
          marbit_many_paths, minmay_temple_entry_proselytizer, grunt_ogre_cave,
          uniq_crazy_yiuf_cottage
D:8:      layout_rooms, nemelex_altar_shiori, serial_shops,
          nicolae_shop_gibbet_a_chance, nicolae_ea-nasir_strikes_again,
          grunt_ministairs_11
D:9:      layout_cave_pools, elyvilon_altar_3, due_unseen_surprise
D:10:     layout_layer_cave, dpeg_oklobed_lair, zombieorc1_lemuel, uniq_maurice
Temple:   nicolae_temple_x_marks_the_god

Skill      XL: |  1  2  3  4  5  6  7  8  9 10 11 |
---------------+----------------------------------+-----
Fighting       | 4 5 7 8 |  8.0
Maces & Flails | 4 5 6 8 9 10 11 | 11.2
Armour         | 4 5 6 7 |  7.5
Dodging        | 1 2 4 |  4.5
Shields        | 4 5 6 7 8 |  8.0
Stealth        | 1 |  1.6
Throwing       | |  0.8

Action                     |  1- 3 |  4- 6 |  7- 9 | 10-12 || total
---------------------------+-------+-------+-------+-------++-------
  Melee: Flail             |   136 |   127 |   342 |       ||   605
         Whip              |       |       |   315 |   438 ||   753
  Throw: Dart              |       |       |       |     6 ||     6
 Armour: Scale mail        |   112 |    44 |   223 |   154 ||   533
         Plate armour      |       |       |   115 |       ||   115
  Dodge: Dodged            |    92 |    41 |   338 |   273 ||   744
  Block: Buckler           |    36 |    21 |   148 |    86 ||   291

Table legend: (Time is in decaauts)
 A = Elapsed time spent in this place.
 B = Non-inter-level travel time spent in this place.
 C = Inter-level travel time spent in this place.
 D = Time resting spent in this place.
 E = Time spent auto-exploring this place.
 F = Levels seen in this place.
 G = Mean time per level.
                   A        B        C        D        E       F      G
               +--------+--------+--------+--------+--------+-----+--------+
         Total |  10340 |   9830 |    510 |    414 |   7116 |  11 |  940.0 |
       Dungeon |  10326 |   9826 |    500 |    414 |   7116 |  10 | 1032.6 |
        Temple |     14 |      4 |     10 |      0 |      0 |   1 |   14.0 |
               +--------+--------+--------+--------+--------+-----+--------+

Top non-repeatable levels by time:
     D:4: 1439 daAuts
     D:5: 1425 daAuts
     D:7: 1352 daAuts
     D:8: 1219 daAuts
     D:3: 1073 daAuts
     D:2: 1023 daAuts
     D:6: 1012 daAuts
     D:9: 778 daAuts
     D:1: 708 daAuts
    D:10: 291 daAuts
  Temple: 14 daAuts
